 Dungeon Crawl Stone Soup version 0.28-a0-1334-g1c9ffb4daf (webtiles) character file.

Game seed: 12062566858240790252

19 Cheeritup the Grave Robber (level 2, 0/23 HPs)
             Began as a Ghoul Necromancer on Dec 28, 2021.
             Slain by a black bear (3 damage)
             ... on level 3 of the Dungeon.
             The game lasted 00:03:28 (1367 turns).

Cheeritup the Grave Robber (Ghoul Necromancer)      Turns: 1367, Time: 00:03:28

Health: 0/23       AC:  5    Str: 11    XL:     2   Next: 75%
Magic:  2/4        EV: 10    Int: 10    God:
Gold:   91         SH:  0    Dex:  9    Spells: 3/5 levels left

rFire   . . .      SeeInvis .     - Unarmed
rCold   + . .      Faith    .   (no shield)
rNeg    + + +      Spirit   .   g - +0 ring mail
rPois   ∞          Reflect  .   (no helmet)
rElec   .          Harm     .   (no cloak)
rCorr   .          Rampage  .   (no gloves)
Will    .....                   (no boots)
Stlth   +.........              (no amulet)
HPRegen 0.00/turn               (no ring)
MPRegen 0.09/turn               (no ring)

@: inhibited regen
A: claws 1, cold resistance 1, negative energy resistance 3, inhibited
regeneration, torment resistance 2
a: no special abilities


You were on level 3 of the Dungeon.
You visited 1 branch of the dungeon, and saw 3 of its levels.

You collected 91 gold pieces.

Inventory:

Armour
 g - a +0 ring mail (worn)
Jewellery
 d - an amulet of reflection
Scrolls
 c - a scroll of immolation {unknown}
 e - a scroll of identify {unknown}
 f - a scroll of amnesia {unknown}
Potions
 b - 4 potions of curing {unknown}


   Skills:
 + Level 1.0 Fighting
 - Level 1.7 Dodging
 - Level 2.1 Stealth
 + Level 1.0 Unarmed Combat
 - Level 2.0 Spellcasting
 * Level 4.3 Necromancy


You had 3 spell levels left.
You knew the following spells:

 Your Spells              Type           Power      Damage    Failure   Level
a - Pain                  Necr           36%        1d5       13%         1
b - Animate Skeleton      Necr           18%        N/A       13%         1

Your spell library contained the following spells:

 Spells                   Type           Power      Damage    Failure   Level
 Vampiric Draining        Necr           9%         2d6       36%         3
 Animate Dead             Necr           4%         N/A       78%         4
 Agony                    Necr           9%         N/A       98%         5


Dungeon Overview and Level Annotations

Branches:
Dungeon (3/15)

Altars:

Shops:
D:1 [

Annotations:
D:3 Natasha, Robin


Innate Abilities, Weirdness & Mutations

You thrive by killing the living.
You are immune to poison.
You have sharp fingernails.
Your flesh is cold resistant. (rC+)
You are immune to negative energy. (rN+++)
You do not regenerate when monsters are visible.
You are immune to unholy pain and torment.


Message History

You kill the goblin!
Your Fighting skill increases to level 1!
Your Unarmed Combat skill increases to level 1!
Robin of the Strong Arm comes into view.
They are wielding a +0 spear.
A quokka comes into view.
The goblin hits you with a +0 club.
There is an escape hatch in the floor here.
A goblin comes into view. It is wielding a +0 dagger.
The goblin shouts!
Robin roars a battlecry!
The goblins go into a battle-frenzy!
Robin throws the goblin at you! The goblin closely misses you.
The goblin hits you with a +0 dagger. The goblin hits you but does no damage.
The quokka closely misses you.
The quokka closely misses you. 2 hobgoblins come into view.
The hobgoblin shouts!
The goblin closely misses you.
The quokka bites you but does no damage.
Robin misses you. Robin barely misses you. The goblin closely misses you.
Robin hits you from afar with a +0 spear.
The hobgoblin closely misses you. The quokka completely misses you.
The hobgoblin hits you. Robin hits you but does no damage.
The goblin hits you but does no damage.
There is an escape hatch in the floor here.
Robin throws the goblin at you! The hobgoblin closely misses you.
The goblin closely misses you. The goblin barely misses you.
You slide downwards.
The hatch slams shut behind you.
Natasha hisses angrily.
An adder comes into view.
The frilled lizard hisses angrily.
The hobgoblin completely misses you. Robin throws the goblin at you!
The goblin hits you with a +0 dagger.
The black bear growls angrily.
The adder hisses angrily.
The hobgoblin closely misses you. The goblin hits you with a +0 dagger.
* * * LOW HITPOINT WARNING * * *
The black bear bites you but does no damage.
The black bear claws you.
You die...

...... .....
##... .hl# #..#
#.g# .##
#.g#######
.....#gg.......
#..h@S.#####
.........##
####.##..# #.
##.# #. .# # ##


You could see a black bear, Robin, Natasha, an adder, 2 hobgoblins, a goblin
(strong) and a frilled lizard.

Vanquished Creatures
  A dart slug (D:1)
  A bat (D:1)
  2 endoplasms (D:1)
  A giant cockroach (D:1)
  A goblin (D:2)
  3 hobgoblins (D:1)
  A kobold (D:1)
  2 ball pythons (D:1)
  A frilled lizard (D:1)
  2 rats (D:1)
15 creatures vanquished.

Notes
Turn   | Place    | Note
-------+----------+-------------------------------------------
     0 | D:1      | Cheeritup the Ghoul Necromancer began the quest for the
                  | Orb.
     0 | D:1      | Reached XP level 1. HP: 14/14 MP: 2/2
   130 | D:1      | Found Dagge's Armour Shoppe.
   188 | D:1      | Found a faded altar of an unknown god.
   457 | D:1      | Learned a level 1 spell: Animate Skeleton
   562 | D:1      | Reached XP level 2. HP: 22/22 MP: 0/3
  1090 | D:1      | You fall into a shaft and drop 1 floor!
  1346 | D:2      | Reached skill level 1 in Fighting
  1346 | D:2      | Reached skill level 1 in Unarmed Combat
  1347 | D:2      | Noticed Robin
  1364 | D:3      | Noticed Natasha
  1364 | D:3      | Noticed a black bear
  1367 | D:3      | Slain by a black bear

Illustrated notes

Levels and vault maps discovered:
D:1:      wheals_arrival_shading, layout_loops_ring,
          shapermc_ecumenical_altar_mp_highgroup, serial_shops, shop
D:2:      layout_basic, uniq_robin
D:3:      layout_loops_corners, uniq_natasha

Skill      XL: |  1  2 |
---------------+-------+-----
Spellcasting   | 2 |  2.0
Fighting       | 1 |  1.0
Unarmed Combat | 1 |  1.0
Dodging        | |  1.7
Stealth        | |  2.1
Necromancy     | |  4.3

Action                   || total
-------------------------++-------
Melee: Unarmed           ||    33
 Cast: Pain              ||    29
Armor: Robe              ||     6
       Ring mail         ||     7
Dodge: Dodged            ||    40

Table legend: (Time is in decaauts)
 A = Elapsed time spent in this place.
 B = Non-inter-level travel time spent in this place.
 C = Inter-level travel time spent in this place.
 D = Time resting spent in this place.
 E = Time spent auto-exploring this place.
 F = Levels seen in this place.
 G = Mean time per level.
                   A        B        C        D        E       F      G
               +--------+--------+--------+--------+--------+-----+--------+
         Total |   1366 |   1366 |      0 |    576 |    598 |   3 |  455.3 |
       Dungeon |   1366 |   1366 |      0 |    576 |    598 |   3 |  455.3 |
               +--------+--------+--------+--------+--------+-----+--------+

Top non-repeatable levels by time:
     D:1: 1089 daAuts
     D:2: 273 daAuts
     D:3: 2 daAuts
